 Dungeon Crawl Stone Soup version 0.22-a0-271-gc000056a37 (webtiles) character file.

163 Manul the Poker (level 5, 0/46 HPs)
             Began as a Draconian Monk on Mar 11, 2018.
             Killed by divine providence
             ... invoked by an orc priest
              (12 damage)
             ... on level 3 of the Dungeon.
             The game lasted 00:02:30 (3171 turns).

Manul the Poker (Draconian Monk)                    Turns: 3171, Time: 00:02:31

Health: 0/46       AC:  5    Str: 12 (13) XL:     5   Next: 20%
Magic:  5/5        EV: 13    Int:  9 (10) God:
Gold:   179        SH:  0    Dex: 12 (15) Spells: 4/4 levels left

rFire    . . .     SeeInvis .   k - +0 war axe (flame)
rCold    . . .     Gourm    .   (no shield)
rNeg     . . .     Faith    .   (armour unavailable)
rPois    .         Spirit   .   (helmet restricted)
rElec    .         Reflect  .   (no cloak)
rCorr    .         Harm     .   (no gloves)
MR       .....                  (no boots)
Stlth    ++........             (no amulet)
HPRegen  0.15/turn              (no ring)
MPRegen  0.09/turn              (no ring)

@: no status effects
A: unfitting armour, cold-blooded, AC +5
a: no special abilities


You were on level 3 of the Dungeon.
You were not hungry.

You visited 1 branch of the dungeon, and saw 3 of its levels.

You collected 179 gold pieces.

Inventory:

Hand Weapons
 a - a +0 spear
 k - a +0 war axe of flaming (weapon)
 l - a +1 mace of draining
Scrolls
 c - 4 scrolls of teleportation {unknown}
 d - 5 scrolls of identify {unknown}
 e - a scroll of amnesia {unknown}
 f - a scroll of magic mapping {unknown}
 h - 2 scrolls of remove curse {unknown}
 i - a scroll of immolation {unknown}
Potions
 j - a potion of resistance {unknown}
Comestibles
 b - 5 rations
 m - 2 chunks of flesh


   Skills:
 + Level 4.0 Fighting
 + Level 4.4 Polearms
 + Level 3.3 Dodging
 + Level 3.0 Stealth


You had 4 spell levels left.
You didn't know any spells.

Dungeon Overview and Level Annotations

Branches:
Dungeon (3/15)

Altars:
Nemelex Xobeh
Ru


Innate Abilities, Weirdness & Mutations

Your plain brown scales are hard. (AC +5)
You cannot fit into any form of body armour.
You are cold-blooded and may be slowed by cold attacks.


Message History

Some of the chunks of flesh in your inventory have rotted away.
You barely miss the orc priest.
The orc priest is severely wounded.
The orc shouts!
The orc priest closely misses you.
You barely miss the orc.
Your tail-slap misses the orc.
The orc priest mumbles some strange prayers to Beogh against you.
Beogh smites you!
You barely miss the orc. The orc hits you with a dagger. x2
* * * LOW HITPOINT WARNING * * *
Unknown command.
You slash the orc! You burn the orc.
You kill the orc!
The orc priest hits you but does no damage.
You hit the orc priest. You burn the orc priest.
Your tail-slap misses the orc priest.
The orc priest is almost dead.
The orc priest calls down the wrath of Beogh upon you.
Beogh smites you!
You die...

.# #.....## #.#####.......
.#######[..#### ###.......#####.
......###..##.## #.....###.# #.
......###..#.#.###.###.###.#####.
............###....# #...#..)....
).....###.##.#.###.###.#.........
#.....# #.....## #.....###.#####.
############..######.#...........
#......ooo@..........####..
#.####..#####.#####..#..... #.#
#..# #.# #..#.##[. ### #.# #..#
#.# #..#.##.. ..# #.# #..# #.#
#.##.##.. #.# #.#
#..#####.#####.###.#.. #.# #.#
#.....##.......##.##.. #.# #.#
#.###.##.##....#.##... #.# #.#
#.# #.##.##(#####_##.#


You could see an orc priest, an orc wizard and an orc.

Vanquished Creatures
  Jessica (D:2)
  3 adders
  3 gnolls (D:3)
  An ooze (D:2)
  2 worms (D:2)
  A dart slug (D:2)
  2 leopard geckos (D:1)
  2 orcs (D:3)
  2 bats
  3 giant cockroaches
  9 goblins
  8 hobgoblins
  4 jackals (D:3)
  5 kobolds
  2 quokkas (D:2)
  7 frilled lizards
  10 rats
65 creatures vanquished.

Notes
Turn   | Place    | Note
-------+----------+-------------------------------------------
     0 | D:1      | Manul the Draconian Monk began the quest for the Orb.
     0 | D:1      | Reached XP level 1. HP: 19/19 MP: 1/1
   252 | D:1      | Reached XP level 2. HP: 24/26 MP: 2/2
   978 | D:2      | Reached XP level 3. HP: 33/33 MP: 3/3
  1557 | D:2      | Noticed Jessica
  1589 | D:2      | Killed Jessica
  1589 | D:2      | Reached XP level 4. HP: 29/40 MP: 4/4
  1818 | D:2      | Found a sparkling altar of Nemelex Xobeh.
  2736 | D:3      | Found a sacrificial altar of Ru.
  2955 | D:3      | Reached XP level 5. HP: 39/46 MP: 5/5
  3122 | D:3      | Found a faded altar of an unknown god.
  3171 | D:3      | Killed from afar by an orc priest

Vault maps used:
D:1:      dpeg_arrival_solitude, serial_forest, infiniplex_forest_zigzag_2,
          infiniplex_forest_lined_1, infiniplex_forest_lined_room_3,
          infiniplex_forest_straight_5, infiniplex_forest_straight_4,
          infiniplex_forest_corner_1, infiniplex_forest_diagonal,
          infiniplex_forest_clump_curved
D:2:      nemelex_xobeh_ov_fountains_minmay, uniq_jessica
D:3:      lemuel_doored_altar, chequers_ecumenical_altar_twisty

Skill      XL: |  1  2  3  4  5 |
---------------+----------------+-----
Stealth        | 2 3 |  3.0
Dodging        | 3 |  3.3
Polearms       | 4 |  4.4
Fighting       | 4 |  4.0

Action                   |  1- 3 |  4- 6 || total
-------------------------+-------+-------++-------
Melee: Spear             |   150 |   126 ||   276
       Tailslap          |    18 |     8 ||    26
       War axe           |       |    12 ||    12
  Use: Potion            |       |     4 ||     4
 Stab: Sleeping          |     8 |    13 ||    21
       Distracted        |     1 |       ||     1
  Eat: Chunk             |     2 |     5 ||     7
Armor: Skin              |    29 |    14 ||    43
Dodge: Dodged            |    48 |    67 ||   115

Table legend:
 A = Spawn XP
 B = Non-spawn XP
 C = Spawn XP percentage of total XP
 D = Spawn monster count
 E = Non-spawn monster count
 F = Spawn count percentage of total count
 G = Total turns spent on level
                    A         B        C        D         E        F      G
               +---------+---------+-------+---------+---------+-------+---------
         Total |       0 |     233 |   0.0 |       0 |      65 |   0.0 |  3171
               +---------+---------+-------+---------+---------+-------+---------
           D:1 |       0 |      34 |   0.0 |       0 |      19 |   0.0 |   953
           D:2 |       0 |     106 |   0.0 |       0 |      20 |   0.0 |  1344
           D:3 |       0 |      93 |   0.0 |       0 |      26 |   0.0 |   874
               +---------+---------+-------+---------+---------+-------+---------
